 Dungeon Crawl Stone Soup version 0.19-a0-1720-gc855d72 (webtiles) character file.

108490 kae the Formicid Blade (level 17, -2/125 HPs)
             Began as a Formicid Fighter on Sept 29, 2016.
             Was the Champion of Ru.
             Killed from afar by a wizard (36 damage)
             ... with a crystal spear
             ... on level 13 of the Dungeon.
             The game lasted 00:53:07 (32133 turns).

kae the Formicid Blade (Formicid Fighter)          Turns: 32133, Time: 00:53:07

Health: -2/125     AC: 24    Str: 27    XL:     17   Next: 4%
Magic:  12/17      EV:  6    Int:  7    God:    Ru [******]
Gold:   1212       SH:  9    Dex: 14    Spells: 0 memorised, 16 levels left

rFire  . . .     SeeInvis +     P - +1 triple sword (freeze)
rCold  + + .     Gourm    +     F - +3 chain mail of Theory {+Fly rC++ Dex+4}
rNeg   . . .     Faith    .     G - +2 buckler {AC+3}
rPois  +         Spirit   .     (helmet unavailable)
rElec  .         Dismiss  .     O - +2 cloak
rCorr  +         Reflect  .     C - +0 pair of gloves
MR     +....     Harm     .     (no boots)
Stlth  ..........               j - amulet of the gourmand
                                w - ring of poison resistance
                                e - ring of resist corrosion

@: exhausted
A: permanent stasis, dig shafts and tunnels, four strong arms, antennae 3, weak
1, no stealth, inability to use devices, no charms magic, no poison magic, no
transmutations magic, reduced EV 1
a: Dig, Shaft Self, Draw Out Power, Power Leap, Apocalypse, Renounce Religion


You were on level 13 of the Dungeon.
You worshipped Ru.
Ru was exalted by your worship.
You were completely stuffed.

You visited 4 branches of the dungeon, and saw 22 of its levels.
You also visited: Volcano.

You collected 2265 gold pieces.
You spent 1053 gold pieces at shops.

Inventory:

Hand Weapons
 a - a +0 long sword
 D - a +0 great sword
 E - a +3 falchion
 P - a +1 triple sword of freezing (weapon)
Armour
 b - a +0 scale mail
 c - a +0 shield
 C - a +0 pair of gloves (worn)
 F - the +3 chain mail of Theory (worn) {+Fly rC++ Dex+4}
   (You bought it in a shop on level 5 of the Dungeon)

   It affects your dexterity (+4).
   It greatly protects you from cold.
   It lets you fly.
 G - a +2 buckler of protection (worn)
 O - a +2 cloak (worn)
Jewellery
 e - a ring of resist corrosion (left hand)
 j - an amulet of the gourmand (around neck)
 k - an uncursed ring of protection from fire
 s - an uncursed amulet of dismissal
 u - an uncursed amulet of harm
 w - a ring of poison resistance (right hand)
 x - a +5 ring of intelligence
 B - an uncursed ring of ice
Scrolls
 l - a scroll of brand weapon
 n - 3 scrolls of immolation
 o - 4 scrolls of enchant armour
 p - 9 scrolls of remove curse
 t - 14 scrolls of identify
 H - 3 scrolls of amnesia
 M - 4 scrolls of fear
 T - 6 scrolls of fog
 Y - 2 scrolls of magic mapping
Potions
 d - 2 potions of ambrosia
 h - 6 potions of heal wounds
 m - a potion of invisibility
 q - 5 potions of agility
 r - 3 potions of curing
 I - 4 potions of resistance
 J - 4 potions of flight
 R - 3 potions of brilliance
 U - a potion of magic
 V - 2 potions of might
 W - 5 potions of mutation
Books
 A - a book of Fire

   Spells                             Type                      Level
   a - Ignite Poison                  Fire/Transmutation/Poison    3
   b - Fireball                       Conjuration/Fire             5
   c - Bolt of Fire                   Conjuration/Fire             6
   d - Delayed Fireball               Conjuration/Fire             7
   e - Ring of Flames                 Charms/Fire                  7
 K - a book of Power

   Spells                             Type                      Level
   a - Fulminant Prism                Conjuration/Hexes            4
   b - Iskenderun's Mystic Blast      Conjuration                  4
   c - Venom Bolt                     Conjuration/Poison           5
   d - Bolt of Magma                  Conjuration/Fire/Earth       5
   e - Iron Shot                      Conjuration/Earth            6
   f - Orb of Destruction             Conjuration                  7
   g - Spellforged Servitor           Conjuration/Summoning        7
 N - a book of Debilitation

   Spells                             Type                      Level
   a - Corona                         Hexes                        1
   b - Slow                           Hexes                        2
   c - Gell's Gravitas                Hexes/Translocation          3
   d - Inner Flame                    Hexes/Fire                   3
   e - Cause Fear                     Hexes                        4
   f - Leda's Liquefaction            Hexes/Earth                  4
 X - a book of Geomancy

   Spells                             Type                      Level
   a - Sandblast                      Earth                        1
   b - Passwall                       Transmutation/Earth          2
   c - Stone Arrow                    Conjuration/Earth            3
   d - Petrify                        Transmutation/Earth          4
   e - Lee's Rapid Deconstruction     Earth                        5
Comestibles
 f - 13 bread rations
 g - 13 beef jerkies
 i - 7 meat rations
 z - 14 fruits
 Q - 37 royal jellies


   Skills:
 - Level 9.1 Fighting
 + Level 21.8 Long Blades
 * Level 11.7 Armour
 * Level 12.9 Shields


You had 16 spell levels left.
You didn't know any spells.

Dungeon Overview and Level Annotations

Branches:
Dungeon (13/15)            Temple (1/1) D:4            Lair (6/6) D:8
 Shoals (0/4) Lair:4       Spider (0/4) Lair:2        Slime (0/5) Lair:6
    Orc (2/2) D:10            Elf (0/3) Orc:2        Vaults (0/5) D:13

Altars:
Ashenzari
Cheibriados
Dithmenos
Elyvilon
Fedhas
Gozag
Hepliaklqana
Kikubaaqudgha
Makhleb
Nemelex Xobeh
Okawaru
Qazlal
Ru
Sif Muna
Trog
Uskayaw
Vehumet
Xom
Yredelemnul
Zin
The Shining One
Beogh
Jiyva

Shops:
D:5 [   D:6 (=*   D:10 (   Orc:2 ((?:


Innate Abilities, Weirdness & Mutations

You are under a permanent stasis effect.
You can dig through walls and to a lower floor.
Your four strong arms can wield two-handed weapons with a shield.
You have a pair of large antennae on your head. (SInv)
You are weak. (Str -2)
You cannot be stealthy.
You cannot study or use magical devices.
You cannot study or cast Charms magic.
You cannot study or cast Poison magic.
You cannot study or cast Transmutations magic.
You have somewhat slow reflexes. (EV -3)


Message History

You redirect the necromancer's attack!
The necromancer casts a spell at the vault guard.
The vault guard convulses!
The vault guard closely misses you.
You riposte.
You hit the vault guard but do no damage.
The vault guard is heavily wounded.
Unknown command.
Okay, then.
Okay, then.
You're too exhausted to draw out your power.
Unknown command.
Unknown command.
Unknown command.
The vault guard hits you but does no damage.
There is an open gate here.
You slice the vault guard!! You freeze the vault guard.
The vault guard is severely wounded.
The human hits you but does no damage. The wizard casts a spell at you.
The crystal spear hits you!
You die...

......#..###..####...## #.......
.....**#.....## ##..# ##...>..
#*#.#* #.....# ####.## #......
###.####..##.###.....# ##....##
#..)......##.....###.#####.......
........................#..#.....
.....###..#############....##....
....## ##.#()...#p..?[#.....##...
..#.## ##.#$....@pp..!#.##.......
.##÷.###..#..⌠..'p.p..#.##......(
.##.......#.....'p...%#.#........
.....###..#.....#...((#..)..####.
.....###..##'''########....###...
.##.......#...).#...).#...##.....
.#####..#.#.....'.....#......####
.# *#.#.#..⌠..'..⌠..#...#### ##
.## #.#.#$....).....#...# ##.


You could see 3 vault guards, a necromancer, a wizard and a human.

Vanquished Creatures
  Rupert (Lair:6)
  Frances (D:12)
  The ghost of PeterLawrence the Peltast, a journeyman MiFi of Okawaru (Lair:6)
  A stone giant (Orc:2)
  The ghost of ololoev the Bludgeoner, a journeyman OgEE of Okawaru (Lair:1)
  Snorg (Lair:6)
  The ghost of Duskembrace the Jinx, a journeyman GrEn of Sif Muna (Lair:5)
  Fannar (D:12)
  2 catoblepae
  5 hydras
  3 centaur warriors
  2 death knights
  A tengu warrior (D:11)
  The ghost of kae the Carver, a novice FoFi of Makhleb (D:11)
  21 death yaks
  3 orc high priests (Orc:2)
  Nergalle (Lair:1)
  Pikel (D:5)
  A hill giant (D:11)
  A phantasmal warrior (D:13)
  A lindwurm (Lair:5)
  8 orc knights (Orc:2)
  A necromancer (D:13)
  3 ugly things (D:11)
  6 orc sorcerers
  3 cyclopes
  4 oklob plants (Lair:5)
  7 black mambas
  17 elephants
  Maurice (D:8)
  A siren (Lair:4)
  Psyche (D:8)
  A torpor snail (Lair:4)
  10 spiny frogs
  A gargoyle (D:11)
  12 komodo dragons
  5 rime drakes
  A freezing wraith (D:13)
  8 trolls
  2 jumping spiders (Lair:2)
  6 meliai
  2 queen bees
  9 polar bears
  5 raiju (Lair:6)
  4 slime creatures (D:12)
  Prince Ribbit (D:7)
  17 blink frogs
  11 hippogriffs
  6 redbacks (Lair:2)
  Sigmund (D:6)
  A shadow (D:12)
  2 wraiths
  32 yaks
  2 vampires (D:11)
  4 wyverns
  A fire elemental (D:12)
  Eustachio (D:5)
  3 basilisks
  Grum (D:8)
  17 humans (D:13)
  A fire bat (Volcano)
  2 hungry ghosts (D:11)
  A steam dragon (D:11)
  11 wargs
  2 mottled dragons
  16 water moccasins
  3 hell hounds (Lair:6)
  8 porcupines
  A sky beast (D:12)
  4 slaves
  10 phantoms
  2 necrophages (D:11)
  An ice beast (D:4)
  3 wasps
  15 black bears
  31 orc warriors
  14 ogres
  16 centaurs
  25 wolves
  15 crocodiles
  Blork the orc (D:5)
  14 bullfrogs
  A gnoll sergeant (D:8)
  11 wights
  65 killer bees
  A scorpion (D:10)
  3 howler monkeys (D:9)
  2 electric eels
  5 crimson imps
  2 lava snakes
  A bullfrog zombie (D:7)
  18 hounds
  2 jellies
  3 bullfrog skeletons
  14 orc priests
  4 centaur skeletons
  Terence (D:2)
  11 iguanas
  19 orc wizards
  4 worker ants
  2 hound zombies
  A hound skeleton (D:8)
  A howler monkey zombie (D:11)
  10 adders
  9 gnolls
  60 river rats
  A shadow imp (D:11)
  An ooze (D:4)
  3 adder skeletons
  An adder zombie (D:7)
  3 dart slugs
  3 worms
  10 leopard geckos
  67 orcs
  6 bats
  2 giant cockroaches
  7 goblins
  4 hobgoblins
  21 jackals
  4 quokkas
  8 frilled lizards
  A jackal skeleton (D:4)
  A jackal zombie (D:6)
  13 kobolds
  A quokka skeleton (D:7)
  14 rats
  4 fungi (Lair:5)
  3 plants (Lair:6)
893 creatures vanquished.

Vanquished Creatures (others)
  3 hydras
  A spiny frog (Lair:5)
  A blink frog (Lair:5)
  A yak (Lair:3)
  An orc warrior (Orc:2)
  An ogre (D:8)
  A centaur (D:11)
  A river rat (Lair:1)
  2 orcs (Orc:1)
  19 fungi
  23 plants
54 creatures vanquished.

Grand Total: 947 creatures vanquished

Notes
Turn   | Place    | Note
-------+----------+-------------------------------------------
     0 | D:1      | kae the Formicid Fighter began the quest for the Orb.
     0 | D:1      | Reached XP level 1. HP: 18/18 MP: 1/1
    86 | D:1      | Reached XP level 2. HP: 15/24 MP: 2/2
   296 | D:1      | Reached XP level 3. HP: 30/30 MP: 3/3
   409 | D:1      | Reached skill level 3 in Long Blades
   690 | D:2      | Noticed Terence
   706 | D:2      | Killed Terence
   706 | D:2      | Reached XP level 4. HP: 14/37 MP: 4/4
   877 | D:2      | Found a shimmering altar of Xom.
  1087 | D:2      | Reached skill level 4 in Long Blades
  1087 | D:2      | Reached XP level 5. HP: 43/43 MP: 5/5
  1346 | D:2      | Noticed a water elemental
  1347 | D:2      | Found a stormy altar of Qazlal.
  1350 | D:2      | Noticed a fire elemental
  1350 | D:2      | Noticed an air elemental
  1527 | D:3      | HP: 2/43 [orc/mace (4)]
  1879 | D:3      | Found a deep blue altar of Sif Muna.
  1999 | D:3      | Noticed a centaur
  2015 | D:3      | Killed a centaur
  2015 | D:3      | Reached skill level 5 in Fighting
  2015 | D:3      | Reached skill level 5 in Long Blades
  2015 | D:3      | Reached XP level 6. HP: 18/51 MP: 6/6
  2208 | D:3      | Found a white marble altar of Elyvilon.
  2208 | D:3      | Found a radiant altar of Vehumet.
  2525 | D:4      | Found a staircase to the Ecumenical Temple.
  2543 | Temple   | Entered the Ecumenical Temple
  2798 | Temple   | Became a worshipper of Ru the Awakened
  3297 | D:4      | Reached XP level 7. HP: 48/56 MP: 7/7
  3506 | D:4      | Reached skill level 6 in Long Blades
  3716 | D:5      | Entered Level 5 of the Dungeon
  4072 | D:5      | Noticed Pikel
  4143 | D:5      | Found a sparkling altar of Nemelex Xobeh.
  4248 | D:5      | Reached skill level 7 in Long Blades
  4248 | D:5      | Reached XP level 8. HP: 65/65 MP: 8/8
  4322 | D:5      | Gained mutation: You have somewhat slow reflexes. (EV -3) [Ru sacrifice]
  4322 | D:5      | Reached * piety under Ru
  4349 | D:5      | Found Nusholoz's Antique Armour Emporium.
  4356 | D:5      | Bought a fine chain mail for 256 gold pieces
  4366 | D:5      | Identified the +3 chain mail of Theory {+Fly rC++ Dex+4} (You bought it in a shop on level 5 of the Dungeon)
  4501 | D:5      | Noticed Eustachio
  4544 | D:5      | Killed Eustachio
  4544 | D:5      | Reached skill level 8 in Long Blades
  4701 | D:5      | Killed Pikel
  4701 | D:5      | Reached skill level 9 in Long Blades
  4701 | D:5      | Reached XP level 9. HP: 53/74 MP: 9/9
  4845 | D:5      | Noticed Blork the orc
  4852 | D:5      | Killed Blork the orc
  5368 | D:6      | Noticed Sigmund
  5384 | D:6      | Killed Sigmund
  5420 | D:6      | Found Dypnuwk's Jewellery Shoppe.
  5428 | D:6      | Bought a cursed -5 ring of protection for 22 gold pieces
  5465 | D:6      | Found Viysaf's Assorted Antiques.
  5534 | D:6      | Bought a scroll labeled OZIZUOGEIM for 21 gold pieces
  5534 | D:6      | Bought 2 fizzy red potions for 37 gold pieces
  5534 | D:6      | Bought a scroll labeled YGRYMI ZECVO for 21 gold pieces
  5557 | D:6      | Reached skill level 10 in Long Blades
  5866 | D:6      | Found Qyth's Antique Weapon Emporium.
  6143 | D:7      | Noticed Prince Ribbit
  6180 | D:6      | Gained mutation: You cannot study or cast Poison magic. [Ru sacrifice]
  6180 | D:6      | Gained mutation: You cannot study or cast Transmutations magic. [Ru sacrifice]
  6180 | D:6      | Gained mutation: You cannot study or cast Charms magic. [Ru sacrifice]
  6180 | D:6      | Reached ** piety under Ru
  6599 | D:7      | Killed Prince Ribbit
  6599 | D:7      | Reached XP level 10. HP: 64/83 MP: 10/10
  6678 | D:7      | Reached skill level 11 in Long Blades
  7117 | D:8      | Noticed Psyche
  7136 | D:8      | Killed Psyche
  7205 | D:8      | Found a staircase to the Lair.
  7205 | D:8      | Noticed an elephant
  7322 | D:7      | Found a blossoming altar of Fedhas.
  7473 | D:8      | Noticed Maurice
  7495 | D:8      | Reached skill level 12 in Long Blades
  7525 | D:8      | Killed Maurice
  8283 | D:8      | Killed an elephant
  8333 | D:8      | Reached skill level 13 in Long Blades
  8647 | D:8      | Noticed Grum
  8681 | D:8      | Killed Grum
  8681 | D:8      | Reached XP level 11. HP: 57/89 MP: 11/11
  9050 | Lair:1   | Entered Level 1 of the Lair of Beasts
  9104 | Lair:1   | Noticed an eight-headed hydra
  9133 | D:9      | Gained mutation: You are weak. (Str -2) [Ru sacrifice]
  9265 | D:9      | Found a hide-covered altar of Uskayaw.
  9698 | D:9      | Identified a scroll of acquirement
  9763 | D:10     | Entered Level 10 of the Dungeon
  9795 | D:10     | Reached skill level 14 in Long Blades
  9824 | D:10     | Found Sutine's Weapon Boutique.
 10162 | D:10     | Found a staircase to the Orcish Mines.
 10731 | D:11     | Noticed kae's ghost (novice FoFi)
 10744 | D:11     | Killed kae's ghost
 10810 | D:11     | Reached skill level 15 in Long Blades
 10824 | D:11     | Noticed a purple ugly thing
 10838 | D:11     | Killed a purple ugly thing
 10841 | D:11     | Noticed a purple ugly thing
 10844 | D:11     | Killed a purple ugly thing
 11264 | D:11     | Noticed a cyclops
 11284 | D:11     | Killed a cyclops
 11315 | D:11     | Noticed a green ugly thing
 11319 | D:11     | Killed a green ugly thing
 11319 | D:11     | Reached XP level 12. HP: 94/95 MP: 12/12
 11510 | D:11     | Noticed a death knight
 11522 | D:11     | Noticed a centaur warrior
 11522 | D:11     | You fall through a shaft for 2 floors!
 11993 | D:12     | Noticed Frances
 12008 | D:12     | Killed Frances
 12008 | D:12     | Reached skill level 16 in Long Blades
 12147 | D:11     | Killed a centaur warrior
 12154 | D:11     | Noticed Fannar
 12170 | D:11     | Noticed a tengu warrior
 12174 | D:12     | Killed Fannar
 12343 | D:12     | Reached skill level 17 in Long Blades
 12441 | D:11     | Gained mutation: You cannot be stealthy. [Ru sacrifice]
 12441 | D:11     | Reached *** piety under Ru
 12444 | D:11     | Killed a death knight
 12643 | D:11     | Paralysed by fainting for 12 turns
 13789 | D:12     | Reached XP level 13. HP: 101/101 MP: 13/13
 13890 | Lair:1   | You fall through a shaft!
 14252 | Lair:2   | Reached skill level 18 in Long Blades
 14469 | Lair:2   | Found a hole to the Spider Nest.
 15438 | Lair:2   | Gained mutation: You cannot study or use magical devices. [Ru sacrifice]
 15438 | Lair:2   | Reached **** piety under Ru
 15438 | Lair:2   | Reached ***** piety under Ru
 15438 | Lair:2   | Reached ****** piety under Ru
 15535 | Lair:2   | Noticed a seven-headed hydra
 15538 | Lair:2   | Killed a seven-headed hydra
 16004 | Lair:3   | Reached skill level 19 in Long Blades
 16022 | Lair:3   | Noticed a six-headed hydra
 16022 | Lair:3   | Noticed a five-headed hydra
 16029 | Lair:3   | You fall through a shaft!
 16029 | Lair:4   | Found a dark tunnel.
 16187 | Volcano  | Entered a volcano
 16819 | Lair:4   | Noticed a five-headed hydra
 16845 | Lair:4   | Killed a six-headed hydra
 18129 | Lair:4   | Reached XP level 14. HP: 100/108 MP: 14/14
 18225 | Lair:4   | Found a staircase to the Shoals.
 18602 | Lair:4   | Reached skill level 20 in Long Blades
 19930 | Lair:3   | Reached skill level 21 in Long Blades
 20210 | Lair:5   | Noticed Duskembrace's ghost (journeyman GrEn)
 20826 | Lair:5   | Reached skill level 5 in Shields
 21122 | Lair:5   | Reached skill level 5 in Armour
 21220 | Lair:5   | Reached XP level 15. HP: 93/113 MP: 15/15
 23603 | Lair:5   | Killed Duskembrace's ghost
 24414 | Lair:6   | Entered Level 6 of the Lair of Beasts
 24414 | Lair:6   | Noticed Snorg
 24428 | Lair:6   | Killed Snorg
 24773 | Lair:6   | Noticed PeterLawrence's ghost (journeyman MiFi)
 24785 | Lair:6   | Killed PeterLawrence's ghost
 24804 | Lair:6   | Found a viscous altar of Jiyva.
 24804 | Lair:6   | Found a staircase to the Slime Pits.
 25318 | Lair:6   | Noticed Rupert
 25328 | Lair:6   | Killed Rupert
 25328 | Lair:6   | Reached skill level 10 in Shields
 25387 | Lair:6   | Reached XP level 16. HP: 101/120 MP: 16/16
 26433 | Lair:1   | Noticed Nergalle
 26434 | Lair:1   | Noticed ololoev's ghost (journeyman OgEE)
 26555 | Lair:1   | You fall through a shaft!
 26915 | Lair:1   | Reached skill level 10 in Armour
 26943 | Lair:1   | Killed Nergalle
 26963 | Lair:1   | Killed ololoev's ghost
 27846 | Orc:1    | Entered Level 1 of the Orcish Mines
 28225 | Orc:1    | Found a roughly hewn altar of Beogh.
 28538 | Orc:2    | Entered Level 2 of the Orcish Mines
 28655 | Orc:2    | Found a staircase to the Elven Halls.
 30303 | Orc:2    | Found Zoschaun's Book Shop.
 30426 | Orc:2    | Found Dielidd's Antique Weapon Shoppe.
 30432 | Orc:2    | Found Lazxec's Antique Weapon Shoppe.
 30434 | Orc:2    | Found Buiro Ruc's Magic Scroll Shop.
 30442 | Orc:2    | Bought a scroll of identify for 34 gold pieces
 30442 | Orc:2    | Bought a scroll of identify for 34 gold pieces
 30442 | Orc:2    | Bought a scroll of brand weapon for 340 gold pieces
 30442 | Orc:2    | Bought a scroll of identify for 34 gold pieces
 30442 | Orc:2    | Bought a scroll of enchant armour for 127 gold pieces
 30442 | Orc:2    | Bought a scroll of enchant armour for 127 gold pieces
 31842 | D:13     | Reached XP level 17. HP: 108/125 MP: 17/17
 32128 | D:13     | Found a gate to the Vaults.
 32133 | D:13     | Killed from afar by a wizard

Vault maps used:
D:1:      saegor_arrival_simple_f, corner_web_ring, minivault_19,
          minmay_stone_trees_medium, st_stairs_3
D:2:      minmay_kobold_bridge, overflow_temple_1_default, first_bread,
          nicolae_qazlal_style_of_elements, uniq_terence
D:3:      gammafunk_temple_overflow_elements, led_sif_pool, st_stairs_13,
          minmay_misc_feat_tower, minmay_lizard_king
D:4:      minmay_tree_intersection
D:5:      overflow_temple_1_default, serial_shops, shop, uniq_eustachio,
          uniq_blork_the_orc, uniq_pikel, uniq_crazy_yiuf_cottage
D:6:      serial_shops, nicolae_shop_behind_doors, nicolae_shop_statue_plus,
          nicolae_shop_stone, minmay_holes, minmay_fountain_box, uniq_sigmund
D:7:      nicolae_overflow_hidden_temple, uniq_prince_ribbit1
D:8:      david_lair_generic, grunt_ogre_cave, uniq_grum, uniq_psyche,
          uniq_maurice
D:9:      eat_drink_and_be_merry_uskayaw
D:10:     orc_0_dummy, serial_shops, nicolae_shop_behind_doors
D:11:     minmay_pinched_square, uniq_fannar
D:12:     uniq_frances
D:13:     grunt_vaults_entry_tiered
Temple:   minmay_temple_curvy_branch
Lair:1:   lab_entry_generic, serial_bayou_pond_e, grunt_megastairs_1,
          serial_bayou_shore_a, lemuel_fruit_tree, infiniplex_staircase_pool,
          uniq_nergalle
Lair:2:   beast_lair_carwin_large_1, nicolae_spider_entry_tight_spaces
Lair:3:   serial_bayou_crossing
Lair:4:   minmay_shoals_entry_lonely_mermaid, nicolae_volcano_entry_lava_flow
Lair:5:   hangedman_what_comes_after_a, lookout_lair_type, grunt_megastairs_5,
          serial_bayou_shore_b
Lair:6:   hangedman_lair_caniforms_friends, slime_altar_1, uniq_snorg,
          uniq_rupert
Orc:1:    basic_altar
Orc:2:    st_orc_elflike
Volcano:  volcano_lake

Skill      XL: |  1  2  3  4  5  6  7  8  9 10 11 12 13 14 15 16 |
---------------+-------------------------------------------------+-----
Long Blades    | 3 4 5 7 9 10 13 15 17 19 21 | 21.8
Fighting       | 4 5 6 7 9 |  9.1
Shields        | 5 10 12 | 12.9
Armour         | 5 9 11 | 11.7

Action                   |  1- 3 |  4- 6 |  7- 9 | 10-12 | 13-15 | 16-18 || total
-------------------------+-------+-------+-------+-------+-------+-------++-------
Melee: Long sword        |    81 |   233 |   203 |       |       |       ||   517
       Falchion          |       |       |   196 |   377 |       |       ||   573
       Triple sword      |       |       |       |   287 |  1033 |   789 ||  2109
Invok: Sacrifice Health  |       |       |     1 |       |       |       ||     1
       Sacrifice Arcana  |       |       |     1 |       |       |       ||     1
       Sacrifice Purity  |       |       |       |     1 |       |       ||     1
       Sacrifice Stealth |       |       |       |     1 |       |       ||     1
       Power Leap        |       |       |       |       |    10 |     4 ||    14
       Sacrifice Artific |       |       |       |       |     1 |       ||     1
       Apocalypse        |       |       |       |       |     4 |     2 ||     6
       Draw Out Power    |       |       |       |       |       |     2 ||     2
 Abil: Dig               |     1 |     1 |     5 |    24 |    16 |    11 ||    58
       Shaft Self        |       |       |       |     1 |     2 |     1 ||     4
  Use: Potion            |     1 |       |       |    10 |     1 |       ||    12
       Scroll            |       |     2 |    10 |     8 |     8 |     2 ||    30
 Stab: Distracted        |       |       |     1 |     1 |     9 |     1 ||    12
       Invisible         |       |       |       |     3 |    10 |     7 ||    20
       Paralysed         |       |       |       |       |    24 |     7 ||    31
       Petrified         |       |       |       |       |     5 |       ||     5
  Eat: Chunk             |       |     8 |    12 |    29 |    50 |    25 ||   124
       Fruit             |       |       |       |     3 |     3 |       ||     6
Armor: Scale mail        |    34 |    70 |    48 |       |       |       ||   152
       Chain mail        |       |       |    78 |   286 |   595 |   353 ||  1312
       Skin              |       |       |       |     1 |       |       ||     1
Dodge: Dodged            |    17 |    75 |    57 |    91 |   198 |   132 ||   570
Block: Shield            |    38 |    96 |    93 |       |       |       ||   227
       Buckler           |       |       |    35 |   156 |   322 |   204 ||   717
